 Dungeon Crawl Stone Soup version 0.17.0-56-gd8de76c (webtiles) character file.

91 HandofTrog the Chucker (level 4, -10/44 HPs)
             Began as a Troll Hunter on Dec 5, 2015.
             Mangled by a gnoll
             ... wielding a +0 flail
              (14 damage)
             ... on level 2 of the Dungeon.
             The game lasted 00:04:56 (1119 turns).

HandofTrog the Chucker (Troll Hunter)               Turns: 1119, Time: 00:04:56

Health: -10/44     AC:  5    Str: 20      XL:     4   Next: 34%
Magic:  3/3        EV:  9    Int:  8      God:
Gold:   99         SH:  0    Dex:  6 (10) Spells: 0 memorised, 3 levels left

rFire  x . .     SeeInvis .       - Unarmed
rCold  + . .     Clarity  .     b - +0 robe
rNeg   . . .     SustAt   .     (no shield)
rPois  .         Gourm    +     (helmet restricted)
rElec  .         Spirit   .     (no cloak)
rCorr  .         Warding  .     (gloves unavailable)
rMut   .         Stasis   +     (boots unavailable)
MR     .....                    q - amulet of stasis
Stlth  +.........               (no ring)
                                i - ring of ice

@: flying, not resistant to hostile enchantments, very unstealthy
A: unfitting armour, claws 3, fast metabolism 3, gourmand, regeneration 2,
shaggy fur 1, tough skin 2
a: no special abilities


You were on level 2 of the Dungeon.
You were full.

You visited 1 branch of the dungeon, and saw 2 of its levels.

You collected 99 gold pieces.

Inventory:

Hand Weapons
 a - a +0 short sword
Missiles
 c - 10 large rocks (quivered)
 d - 2 throwing nets
Armour
 b - a +0 robe (worn)
Jewellery
 i - a ring of ice (left claw)
 q - an amulet of stasis (around neck)
Wands
 p - a wand of slowing (25)
Scrolls
 f - a scroll of identify {unknown}
 g - a scroll of noise {unknown}
 j - a scroll of teleportation {unknown}
Potions
 n - a potion of degeneration
Comestibles
 e - 2 bread rations
 h - a royal jelly
 l - 5 fruits


   Skills:
 + Level 2.7 Fighting
 - Level 3.6 Throwing
 - Level 1.5 Dodging
 - Level 0.4 Stealth
 - Level 3.0 Unarmed Combat


You had 3 spell levels left.
You didn't know any spells.

Dungeon Overview and Level Annotations

Branches:
Dungeon (2/15)

Altars:
Elyvilon


Innate Abilities, Weirdness & Mutations

You are too large for most types of armour.
You have claws for hands.
Your metabolism is lightning-fast.
You like to eat raw meat.
You heal very quickly.
You are covered in fur (AC +1).
You have very tough skin (AC +2).


Message History

The gnoll closely misses you.
Sorry, you're not good enough to have a special ability.
Drink which item? (? for menu, Esc to quit)
It was a potion of flight.
You feel very buoyant.
You fly up into the air.
The gnoll hits you with a spear.
* * * LOW HITPOINT WARNING * * *
The gnoll hits you with a whip.
* * * LOW HITPOINT WARNING * * *
Drink which item? (? for menu, Esc to quit)
It was a potion of curing.
You feel better. The gnoll hits you but does no damage.
The gnoll hits you with a spear.
* * * LOW HITPOINT WARNING * * *
The gnoll hits you with a whip!
* * * LOW HITPOINT WARNING * * *
Read which item? (? for menu, Esc to quit)
As you read the scroll labeled IXKIXKAMOE, it crumbles to dust.
You feel blessed for a moment.
It was a scroll of remove curse.
The gnoll barely misses you. The gnoll hits you with a flail!
You die...

#######.# #.....###....
........####.###.#......
#######.)....#...#.#....
########......#.#.#.#).#.
#.....##......#.###.#..##
#####.....##......#.....#....
#...#.....##....>.########.#.
#...#.....##.g....##### #.#.
#...#.....#.@g....#...####...
#...#.....#..g...............
#...#.)...'.#.......#..####..
#...#.....###.#.#.......# #.#
#...#.....###.#...#..#.## #.
### #...'.........#.#....# #
#. ..# #...#####.##..#.#....#
#.###.### #.....#......#
...)#.# #####.###..###


You could see 3 gnolls.

Vanquished Creatures
  An adder (D:2)
  3 gnolls (D:2)
  An ooze (D:2)
  2 worms (D:2)
  7 bats
  3 giant cockroaches
  4 goblins (D:1)
  A hobgoblin (D:1)
  4 jackals
  5 kobolds (D:1)
  3 ball pythons
  3 giant newts
  5 rats
42 creatures vanquished.

Notes
Turn   | Place    | Note
--------------------------------------------------------------
     0 | D:1      | HandofTrog the Troll Hunter began the quest for the Orb.
     0 | D:1      | Reached XP level 1. HP: 19/19 MP: 0/0
    84 | D:1      | Reached skill level 1 in Unarmed Combat
   122 | D:1      | Reached XP level 2. HP: 19/27 MP: 1/1
   559 | D:2      | Found a white marble altar of Elyvilon.
   592 | D:2      | Reached XP level 3. HP: 29/33 MP: 2/2
  1015 | D:2      | Reached XP level 4. HP: 30/44 MP: 3/3
  1117 | D:2      | HP: 1/44 [gnoll/whip (5)]
  1119 | D:2      | Mangled by a gnoll

Action                   |  1- 3 |  4- 6 || total
-------------------------+-------+-------++-------
Melee: Unarmed           |   127 |    18 ||   145
Throw: Large rock        |     6 |       ||     6
  Use: Potion            |       |     3 ||     3
       Scroll            |       |     1 ||     1
 Stab: Sleeping          |     2 |       ||     2
  Eat: Chunk             |     5 |     3 ||     8
       Bread ration      |     1 |       ||     1
